 Dungeon Crawl Stone Soup version 0.32-a0-135-g14f8b2e1af (webtiles) character file.

Game seed: 11670911123965589323

106027 Kenran the Spry (level 15, -13/78 (80) HPs)
             Began as a Spriggan Hunter on Feb 10, 2024.
             Was the Champion of Okawaru.
             Mangled by a pharaoh ant (35 damage)
             ... on level 1 of the Spider Nest.
             The game lasted 00:46:46 (23863 turns).

Kenran the Spry (Spriggan Hunter)                  Turns: 23863, Time: 00:46:47

HP:   -13/78 (80)   AC: 15    Str: 10    XL:     15   Next: 96%
MP:   19/19         EV: 37    Int: 11    God:    Okawaru [******]
Gold: 1127          SH:  0    Dex: 26    Spells: 13/14 levels left

rFire   . . .        a - +8 arbalest (freeze)
rCold   . . .        (shield currently unavailable)
rNeg    + + .        J - +3 troll leather armour {Snorg}
rPois   +            w - +2 hat {SInv}
rElec   .            M - +2 cloak
rCorr   .            (gloves unavailable)
SInv    +            (boots unavailable)
Will    ++...        m - amulet of faith {!P}
Stlth   ++++++       S - ring "Peynayfe" {rPois rN++ Str+3}
HPRegen 1.13/turn    I - +4 ring of protection
MPRegen 0.16/turn

%: faith
@: lightly drained, very quick
A: very small, no large weapons, unfitting armour, see invisible, speed 3
a: Renounce Religion, Heroism, Finesse, Duel


You were on level 1 of the Spider Nest.
You worshipped Okawaru.
Okawaru was exalted by your worship.
You visited 5 branches of the dungeon, and saw 24 of its levels.
You visited 1 bazaar.
You also visited: Sewer and Ossuary.

You collected 2690 gold pieces.
You spent 1563 gold pieces at shops.

Inventory:

Hand Weapons
 a - a +8 arbalest of freezing (weapon)
 b - the +9 whip of Regaosor {vamp, Will+ rCorr Str+3}
   (You took it off a gnoll on level 8 of the Dungeon)

   Str+3:     It affects your strength (+3).
   Will+:     It increases your willpower.
   rCorr:     It protects you from acid and corrosion.
Missiles
 Q - 2 throwing nets
Armour
 w - a +2 hat of see invisible (worn)
 J - a +3 troll leather armour (worn) {Snorg}
 M - a +2 cloak (worn)
Jewellery
 m - an amulet of faith (around neck) {!P}
 o - a ring of protection from cold
 I - a +4 ring of protection (right hand)
 S - the ring "Peynayfe" (left hand) {rPois rN++ Str+3}
   (You acquired it on level 14 of the Dungeon)

   [ring of poison resistance]

   Str+3:     It affects your strength (+3).
   rPois:     It protects you from poison rN++: It greatly protects you from
   negative energy.
Talismans
 l - a serpent talisman
 E - a flux talisman
 P - a talisman of death
Wands
 e - a wand of polymorph (9)
 n - a wand of flame (32)
 r - a wand of mindburst (9)
 v - a wand of acid (23)
 y - a wand of paralysis (11)
 D - a wand of iceblast (5)
 R - a wand of digging (14)
Scrolls
 c - 2 scrolls of revelation
 d - 2 scrolls of blinking
 g - 2 scrolls of fear
 h - 3 scrolls of enchant armour
 j - 10 scrolls of teleportation
 t - 2 scrolls of vulnerability {!r}
 u - 5 scrolls of poison {!r}
 B - a scroll of butterflies
 C - 6 scrolls of fog
 N - a scroll of silence
Potions
 f - 3 potions of berserk rage {!q}
 i - 3 potions of heal wounds {@q2}
 k - 6 potions of curing {@q1}
 p - 6 potions of lignification {!q}
 q - a potion of enlightenment
 s - 2 potions of haste
 x - 6 potions of mutation {!q}
 z - 2 potions of might
 A - a potion of experience {unknown}
 F - 2 potions of attraction {unknown}
 G - 3 potions of cancellation {unknown}
 H - 2 potions of magic {unknown}
 K - 2 potions of resistance {unknown}
 O - 5 potions of degeneration {unknown}


   Skills:
 - Level 10.0 Fighting
 - Level 18.0 Ranged Weapons
 + Level 18.5 Dodging
 - Level 15.0 Stealth
 - Level 5.0 Invocations
 - Level 10.0 Evocations
 - Level 7.0 Shapeshifting


You had 13 spell levels left.
You knew the following spells:

 Your Spells              Type           Power      Damage    Failure   Level
a - Apportation           Tloc           0%         N/A       43%         1

Your spell library contained the following spells:

 Spells                   Type           Power      Damage    Failure   Level
 Magic Dart               Conj           0%         1d3       43%         1
 Necrotise                Necr           0%         1d4       43%         1
 Sting                    Conj/Alch      0%         1d3       43%         1
 Blink                    Tloc           0%         N/A       58%         2
 Cigotuvi's Dreadful Rot  Necr/Alch/Air  0%         N/A       58%         2
 Ensorcelled Hibernation  Hex/Ice        0%         N/A       58%         2
 Mercury Vapours          Alch/Air       0%         N/A       58%         2
 Frozen Ramparts          Ice            0%         1d1       82%         3
 Passwall                 Erth           0%         N/A       82%         3
 Swiftness                Air            0%         N/A       82%         3
 Vampiric Draining        Necr           0%         2d6       82%         3
 Dispel Undead            Necr           0%         3d6       99%         4
 Leda's Liquefaction      Alch/Erth      0%         N/A       99%         4
 Olgreb's Toxic Radiance  Alch           0%         N/A       99%         4
 Petrify                  Alch/Erth      0%         N/A       99%         4
 Vhi's Electric Charge    Tloc/Air       0%         N/A       99%         4
 Arcjolt                  Conj/Air       0%         1d10      100%        5
 Curse of Agony           Necr           0%         N/A       100%        5
 Metabolic Englaciation   Hex/Ice        0%         N/A       100%        5
 Eringya's Noxious Bog    Alch           0%         4d6       100%        6
 Maxwell's Capacitive Co  Air            0%         ∞         100%        8
 Summon Small Mammal      Summ           Unusable   N/A       N/A         1
 Call Imp                 Summ           Unusable   N/A       N/A         2
 Martyr's Knell           Necr/Summ      Unusable   N/A       N/A         4
 Summon Forest            Summ/Tloc      Unusable   N/A       N/A         5
 Death Channel            Necr           Unusable   N/A       N/A         6
 Summon Hydra             Summ           Unusable   N/A       N/A         7

Dungeon Overview and Level Annotations

Branches:
Dungeon (15/15)            Temple (1/1) D:5            Lair (5/5) D:11
 Shoals (0/4) Lair:3       Spider (1/4) Lair:2        Slime (0/5) Lair:4
    Orc (2/2) D:9             Elf (0/3) Orc:2        Vaults (0/5) D:14
 Depths (0/4) D:15          Sewer (visited)         Ossuary (visited)

Altars:
Ashenzari
Cheibriados
Dithmenos
Elyvilon
Fedhas
Gozag
Hepliaklqana
Kikubaaqudgha
Makhleb
Nemelex Xobeh
Okawaru
Qazlal
Ru
Sif Muna
Trog
Uskayaw
Vehumet
Wu Jian
Xom
Yredelemnul
Zin
The Shining One
Jiyva

Shops:
D:5 :   D:6 *   Orc:1 (   Orc:2 =*([

Annotations:
D:4 exclusion: orc priest
D:9 Erolcha
D:12 3 runed translucent doors, exclusion: orange crystal statue
D:14 exclusion: orange crystal statue
D:15 Roxanne
Lair:2 3 runed translucent doors, Vontreibholz's ghost, journeyman HOFi
Lair:3 exclusion: oklob plant
Lair:4 exclusion: oklob plant


Innate Abilities, Weirdness & Mutations

You are very small and have problems with some larger weapons.
You are too small for most types of armour.
You have supernaturally acute eyesight. (SInv)
You cover ground extremely quickly. (Speed+++)


Message History

The wolf spider hits you but does no damage.
The wolf spider completely misses you. x3
You shoot a bolt.
The bolt closely misses the wolf spider.
The wolf spider completely misses you. The wolf spider bites you!
The pharaoh ant closely misses you.
You shoot a bolt. The bolt hits the wolf spider!!
The bolt freezes the wolf spider.
The wolf spider is heavily wounded.
The wolf spider hits you but does no damage.
The wolf spider completely misses you. The pharaoh ant bites you!!
The wolf spider completely misses you. x2; The pharaoh ant misses you.
You are too injured to fight recklessly!
The wolf spider attacks as it pursues you!
The wolf spider closely misses you. The wolf spider completely misses you.
The wolf spider attacks as it pursues you!
The wolf spider hits you but does no damage.
The wolf spider closely misses you.
The pharaoh ant attacks as it pursues you!
The pharaoh ant bites you!!
* * * LOW HITPOINT WARNING * * *
You partially resist.
You feel drained.
* * * LOW HITPOINT WARNING * * *
As you read the scroll of fear, it crumbles to dust.
You assume a fearsome visage.
The pharaoh ant is unaffected.
The wolf spider looks frightened!
The pharaoh ant completely misses you.
The pharaoh ant attacks as it pursues you!
The pharaoh ant completely misses you.
Press: ? - help, v - describe, . - travel
Here: a pharaoh ant The floor, spattered with blood.
Unknown command.
Unknown command.
Unknown command.
Unknown command.
Unknown command.
Unknown command.
The pharaoh ant attacks as it pursues you!
The pharaoh ant bites you!!
You die...

####..##.✳..#...
#..#..###.......
#..#....#.##..#.
#......####...##
#######..##..####..##
#.#.#✳#..✳#..##.....#
#...#..†###.####...##
#........####.#...##
#...@##### #..##..#
###.B# ##.✳..##
#.#..## #....##
#....)# ###..#
#....## #### #†.###
#s.# ##....# .✳..##


You could see a wolf spider (fleeing) and a pharaoh ant.

Vanquished Creatures
  Saint Roka (Orc:2)
  An orc warlord (Orc:2)
  Nessos (D:15)
  Snorg (Lair:5)
  An ettin (Orc:2)
  Josephine (D:9)
  A rakshasa (D:15)
  An ogre mage (Orc:2)
  3 catoblepae (Lair:5)
  4 hydras
  2 centaur warriors
  10 two-headed ogres
  5 boulder beetles
  17 death yaks
  3 demonic crawlers (Spider:1)
  An occultist (D:15)
  An orc high priest (Orc:2)
  2 skysharks (Lair:3)
  Nergalle (D:9)
  Amaemon (Lair:1)
  2 arcanists (D:14)
  An orb spider (Spider:1)
  5 orc knights
  3 deep elf pyromancers
  2 necromancers
  A wolf spider (Spider:1)
  5 ugly things (D:14)
  6 cyclopes
  4 oklob plants (Lair:4)
  6 manticores
  Maurice (D:7)
  4 orc sorcerers
  5 elephants
  A moth of wrath (Spider:1)
  2 black mambas (shapeshifter) (D:15)
  6 meliai
  6 black mambas
  2 kobold blastminers
  2 centaur zombies (D:15)
  A gargoyle (D:12)
  19 cane toads
  An orange demon (Lair:1)
  2 kobold demonologists (D:10)
  2 centaur skeletons (D:15)
  2 yaktaurs (D:15)
  2 unseen horrors (D:12)
  2 rime drakes
  An efreet (D:15)
  A tengu conjurer (D:15)
  5 komodo dragons
  5 trolls
  7 polar bears
  A tarantella (Spider:1)
  7 dream sheep (Lair:5)
  Prince Ribbit (D:6)
  6 slime creatures
  12 blink frogs
  2 jumping spiders (Lair:2)
  4 shadows
  A vampire (D:13)
  A culicivora (Lair:2)
  3 wyverns
  Eustachio (D:3)
  74 yaks
  7 wraiths
  A hog (shapeshifter) (D:14)
  3 wargs
  Grum (D:9)
  5 basilisks
  3 vampire mosquitoes (D:12)
  2 steam dragons
  3 redbacks
  An acid dragon (D:11)
  21 orc warriors
  14 water moccasins
  Pargi (Sewer)
  4 black bears
  4 ice beasts
  A sky beast (D:7)
  2 laughing skulls (D:15)
  13 centaurs
  6 ogres (Orc:2)
  24 wolves
  3 kobold brigands
  A weeping skull (Ossuary)
  An elf zombie (Ossuary)
  17 bullfrogs
  A brain worm (Sewer)
  2 gnoll sergeants
  3 scorpions
  7 wights
  3 killer bees (D:7)
  3 electric eels
  A jelly (D:7)
  5 howler monkeys
  4 lava snakes
  A spectral scorpion (Ossuary)
  3 bombardier beetles
  5 hounds
  10 orc priests
  A gnoll bouda (D:5)
  A human zombie (Ossuary)
  4 iguanas
  18 orc wizards
  4 sleepcaps
  19 hell rats
  4 hound zombies (Ossuary)
  A boggart simulacrum (D:15)
  4 mummies
  9 gnolls
  9 adders
  4 adder zombies (Ossuary)
  3 ribbon worms
  2 dart slugs
  51 orcs
  5 endoplasms
  16 giant cockroaches
  A gnoll zombie (Ossuary)
  9 goblins
  8 hobgoblins
  A jackal (D:2)
  4 quokkas
  7 ball pythons
  A ball python zombie (Ossuary)
  12 bats
  4 frilled lizards
  A goblin zombie (D:7)
  7 jackal zombies (Ossuary)
  19 kobolds
  5 kobold zombies
  2 orc zombies (Ossuary)
  8 rats
715 creatures vanquished.

Vanquished Creatures (others)
  A white imp (D:7)
  3 orcs
4 creatures vanquished.

Grand Total: 719 creatures vanquished

Notes
Turn   | Place    | Note
-------+----------+-------------------------------------------
     0 | D:1      | Kenran the Spriggan Hunter began the quest for the Orb.
     0 | D:1      | Reached XP level 1. HP: 10/10 MP: 2/2
   193 | D:1      | Reached XP level 2. HP: 14/15 MP: 3/3
   801 | D:2      | Reached XP level 3. HP: 13/18 MP: 4/4
   975 | D:2      | Reached skill level 5 in Ranged Weapons
  1634 | D:2      | Reached XP level 4. HP: 20/23 MP: 5/5
  2159 | D:3      | Found a glowing drain.
  2179 | Sewer    | Entered a sewer
  2203 | Sewer    | Noticed a brain worm
  2222 | Sewer    | Killed a brain worm
  2223 | Sewer    | Reached XP level 5. HP: 12/26 MP: 2/6
  2277 | Sewer    | Noticed Pargi
  2360 | Sewer    | Killed Pargi
  2361 | Sewer    | Reached XP level 6. HP: 22/30 MP: 7/7
  2839 | D:4      | HP: 1/30 [black bear (7)]
  3116 | D:4      | Noticed Eustachio
  3202 | D:3      | Reached XP level 7. HP: 31/35 MP: 8/8
  3284 | D:3      | Killed Eustachio
  3615 | D:5      | Entered Level 5 of the Dungeon
  3642 | D:5      | Found a staircase to the Ecumenical Temple.
  3647 | Temple   | Entered the Ecumenical Temple
  3662 | Temple   | Became a worshipper of Warmaster Okawaru
  3937 | D:5      | Reached skill level 10 in Ranged Weapons
  3937 | D:5      | Reached XP level 8. HP: 36/39 MP: 9/9
  4003 | D:5      | Reached skill level 5 in Stealth
  4112 | D:5      | Found a shimmering blue altar of Sif Muna.
  4168 | D:5      | Found Sorphaeced's Book Emporium.
  4557 | D:5      | Reached * piety under Okawaru
  5152 | D:6      | Reached skill level 5 in Dodging
  5506 | D:6      | Found Hututs's Elemental Accessories.
  5552 | D:6      | Noticed Prince Ribbit
  5565 | D:6      | Killed Prince Ribbit
  5566 | D:6      | Reached XP level 9. HP: 42/42 MP: 10/10
  5779 | D:7      | Found a hazy altar of Hepliaklqana.
  5779 | D:7      | Found a basalt altar of Yredelemnul.
  5848 | D:7      | Found a sand-covered staircase.
  5850 | D:7      | Noticed Maurice
  5852 | D:7      | Maurice stole a serpent talisman
  5876 | D:7      | Reached ** piety under Okawaru
  5891 | D:7      | Killed Maurice
  5938 | Ossuary  | Entered an ossuary
  6491 | D:7      | Reached *** piety under Okawaru
  6598 | D:7      | Found an opulent altar of Gozag.
  6600 | D:7      | Found a hide-covered altar of Uskayaw.
  6604 | D:7      | Found a glowing golden altar of the Shining One.
  6683 | D:7      | Reached skill level 5 in Fighting
  6701 | D:7      | Found a shadowy altar of Dithmenos.
  6704 | D:7      | Found a sacrificial altar of Ru.
  7082 | D:7      | Reached XP level 10. HP: 49/51 MP: 11/11
  7506 | D:8      | Identified the +9 whip of Regaosor {vamp, Will+ rCorr
                  | Str+3}
  7607 | D:8      | Reached **** piety under Okawaru
  7749 | D:8      | You fall into a shaft and drop 3 floors!
  7751 | D:11     | Noticed a manticore
  7767 | D:11     | Noticed a manticore
  7893 | D:10     | Entered Level 10 of the Dungeon
  7900 | D:10     | Noticed a two-headed ogre
  7963 | D:10     | Reached skill level 1 in Shapeshifting
  8267 | D:9      | Noticed Erolcha
  8354 | D:9      | Noticed Grum
  8585 | D:9      | Killed Grum
  8760 | D:10     | Reached skill level 5 in Shapeshifting
  8803 | D:9      | Found a staircase to the Orcish Mines.
  8821 | D:9      | Noticed a two-headed ogre
  9151 | D:9      | Reached ***** piety under Okawaru
  9280 | D:9      | Noticed an angel
  9282 | D:9      | Found a glowing silver altar of Zin.
  9283 | D:9      | Found a shimmering altar of Xom.
  9368 | D:9      | Reached XP level 11. HP: 55/55 MP: 12/12
  9512 | D:9      | Received a gift from Okawaru
  9580 | D:9      | Killed a two-headed ogre
  9773 | D:10     | Reached skill level 10 in Dodging
  9938 | D:10     | Found a sparkling altar of Nemelex Xobeh.
  9939 | D:10     | Found a stormy altar of Qazlal.
  9940 | D:10     | Found a bloodstained altar of Trog.
  9941 | D:10     | Found a blossoming altar of Fedhas.
 10161 | D:11     | Found a snail-covered altar of Cheibriados.
 10459 | D:11     | Received a gift from Okawaru
 10501 | D:11     | Reached skill level 15 in Ranged Weapons
 10816 | D:11     | Found a staircase to the Lair.
 10901 | Lair:1   | Entered Level 1 of the Lair of Beasts
 11214 | Lair:1   | Identified the +0 robe of the End {rN+ Str+3 Dex+2}
 11223 | Lair:1   | Noticed Amaemon
 11276 | Lair:1   | Killed Amaemon
 11276 | Lair:1   | Reached ****** piety under Okawaru
 11285 | Lair:1   | Acquired a +2 robe of willpower
 11285 | Lair:1   | Received a gift from Okawaru
 11289 | Lair:1   | Acquired a +2 arbalest of freezing
 11289 | Lair:1   | Received a gift from Okawaru
 11420 | Lair:1   | Received a gift from Okawaru
 11421 | Lair:1   | Reached XP level 12. HP: 47/60 MP: 13/13
 12046 | Lair:2   | Noticed a four-headed hydra
 12070 | Lair:2   | Killed a four-headed hydra
 12070 | Lair:2   | Received a gift from Okawaru
 12158 | Lair:2   | Found a hole to the Spider Nest.
 12213 | Lair:2   | Noticed a seven-headed hydra
 12231 | Lair:2   | Killed a seven-headed hydra
 12232 | Lair:2   | Reached skill level 10 in Stealth
 12385 | Lair:2   | Identified the +0 hand axe "Icsotriale" {holy, Dex+3}
 12395 | Lair:2   | Noticed Vontreibholz's ghost (journeyman HOFi)
 12397 | Lair:2   | Noticed a five-headed hydra
 12408 | Lair:2   | Received a gift from Okawaru
 12425 | Lair:2   | Found a runed translucent gate.
 12425 | Lair:2   | Found a runed translucent gate.
 12425 | Lair:2   | Found a runed translucent gate.
 12958 | Lair:3   | You fall into a shaft and drop 1 floor!
 13213 | Lair:3   | Found a staircase to the Shoals.
 13471 | Lair:3   | Received a gift from Okawaru
 13484 | Lair:3   | Reached XP level 13. HP: 49/63 MP: 14/14
 13659 | Lair:3   | Received a gift from Okawaru
 14601 | Lair:4   | Identified the flux talisman "Emifets" {SInv}
 14712 | Lair:4   | Received a gift from Okawaru
 15378 | Lair:4   | Identified the ring of Gozag's Generosity {rPois SInv}
 15625 | Lair:4   | Reached skill level 15 in Dodging
 15633 | Lair:4   | Reached skill level 1 in Invocations
 15633 | Lair:4   | Reached skill level 1 in Evocations
 15674 | Lair:4   | Found a viscous altar of Jiyva.
 15674 | Lair:4   | Found a staircase to the Slime Pits.
 15723 | Lair:4   | Received a gift from Okawaru
 16313 | Lair:5   | Entered Level 5 of the Lair of Beasts
 16412 | Lair:5   | Reached skill level 5 in Evocations
 16415 | Lair:5   | Noticed Snorg
 16448 | Lair:5   | Killed Snorg
 16494 | Lair:5   | Reached skill level 5 in Invocations
 16496 | Lair:5   | Received a gift from Okawaru
 16732 | Lair:5   | Reached XP level 14. HP: 68/68 MP: 18/18
 16833 | Lair:5   | Received a gift from Okawaru
 16922 | Lair:5   | Found an opulent altar of Gozag.
 17164 | Lair:5   | Received a gift from Okawaru
 17252 | Lair:5   | Reached skill level 15 in Stealth
 18125 | D:12     | Received a gift from Okawaru
 18551 | D:12     | Found a runed translucent door.
 18576 | D:12     | Found a runed translucent door.
 18590 | D:12     | Found a runed translucent door.
 18606 | D:12     | Found a runed translucent door.
 18894 | D:13     | Identified the +3 ring mail of Love and Death {rC- rN+
                  | rCorr}
 19226 | D:13     | Received a gift from Okawaru
 19847 | D:14     | Received a gift from Okawaru
 19936 | D:14     | Found a flickering gateway to a bazaar.
 19977 | Bazaar   | Entered a bazaar
 19984 | Bazaar   | Found Wiurrie's Magic Scroll Shop.
 19998 | Bazaar   | Found Vubbuic's Magic Scroll Boutique.
 20026 | Bazaar   | Found Bugihem's General Store.
 20040 | Bazaar   | Found Bidwixih's Magic Scroll Shop.
 20048 | Bazaar   | Bought a scroll of acquirement for 572 gold pieces
 20054 | Bazaar   | Found Tish's Jewellery Boutique.
 20068 | Bazaar   | Found Betwyxt's Magic Scroll Shop.
 20174 | Bazaar   | Bought a scroll of acquirement for 364 gold pieces
 20188 | Bazaar   | Bought a scroll of blinking for 67 gold pieces
 20238 | Bazaar   | Bought a talisman of death for 560 gold pieces
 20395 | D:14     | Reached XP level 15. HP: 79/79 MP: 19/19
 20414 | D:14     | Found a gate to the Vaults.
 20754 | D:14     | Acquired the ring "Peynayfe" {rPois rN++ Str+3}
 20760 | D:14     | Acquired a +2 hat of see invisible
 20790 | D:15     | Entered Level 15 of the Dungeon
 20790 | D:15     | Noticed Roxanne
 20793 | D:15     | Received a gift from Okawaru
 20794 | D:15     | Reached skill level 10 in Fighting
 21132 | D:15     | Found a staircase to the Depths.
 21257 | D:15     | Noticed Nessos
 21266 | D:15     | Killed Nessos
 21539 | D:15     | Found a sacrificial altar of Ru.
 21690 | D:15     | Learned a level 1 spell: Apportation
 21811 | Orc:1    | Entered Level 1 of the Orcish Mines
 21811 | Orc:1    | Noticed Nergalle
 21811 | Orc:1    | Found Tuffav's Weapon Shop.
 21818 | D:9      | Killed Nergalle
 21824 | Orc:1    | Noticed Josephine
 21829 | Orc:1    | Received a gift from Okawaru
 21837 | D:9      | Killed Josephine
 22241 | Orc:2    | Entered Level 2 of the Orcish Mines
 22330 | Orc:2    | Received a gift from Okawaru
 22504 | Orc:2    | Noticed Saint Roka
 22535 | Orc:2    | Killed Saint Roka
 22536 | Orc:2    | Reached skill level 10 in Evocations
 22560 | Orc:2    | Found Qobats's Jewellery Boutique.
 22564 | Orc:2    | Found Ityluf's General Store.
 22672 | Orc:2    | Found Onorocy's Antique Weapon Boutique.
 22694 | Orc:2    | Found Vuvo's Antique Armour Boutique.
 22725 | Orc:2    | Found a staircase to the Elven Halls.
 22808 | Orc:2    | Received a gift from Okawaru
 23437 | Spider:1 | Entered Level 1 of the Spider Nest
 23863 | Spider:1 | Mangled by a pharaoh ant

Illustrated notes

Levels and vault maps discovered:
D:1:      lightli_arrival_noodles, layout_basic
D:2:      kennysheep_six_static_rooms, layout_basic, hex_intersection
D:3:      minmay_roachtagon, layout_basic, gup_sewer_entry_bubbles
D:4:      layout_cave_pools, hangedman_decor_diamond_cutter, st_stairs_4,
          uniq_eustachio
D:5:      minmay_opposing_rooms, layout_basic, nicolae_sif_muna_little_library,
          temple_statues, serial_shops, nicolae_shop_peninsula
D:6:      layout_basic, grunt_ministairs_6, nicolae_elemental_shop,
          uniq_prince_ribbit1
D:7:      kb_forest_paths, layout_basic, minitemple,
          mainiacjoe_overflow_large_starburst, jmf_multi_god_temple,
          nicolae_ossuary_entry_giza, uniq_maurice
D:8:      layout_rooms
D:9:      layout_basic, grunt_temple_overflow_order_and_chaos_1, orc_0_dummy,
          uniq_erolcha, uniq_grum
D:10:     layout_gridville, mainiacjoe_overflow_alcove_3
D:11:     layout_basic, david_lair_shrubbed, kennysheep_slug_shrine
D:12:     layout_irregular_city, minmay_statue_crystal_thing
D:13:     layout_basic, minmay_misc_feat_enclosed
D:14:     layout_rooms, david_vaults_1, serial_bayou_pond_d, serial_shops,
          bzr_entry_lakeside, disabler_island
D:15:     grunt_enter_depths_magical_seal, layout_cross,
          nicolae_zig_zag_zippers, nicolae_ru_sacrificial_ziggurat, uniq_nessos,
          uniq_roxanne
Temple:   nicolae_temple_godpark
Lair:1:   beast_lair_carwin_large_2, layout_regular_city, uniq_amaemon
Lair:2:   layout_loops_ring, nicolae_spider_entry_tight_spaces,
          gammafunk_ghost_split, nicolae_lair_liquid_snakes, lemuel_fruit_fields
Lair:3:   layout_hall_layers, shoals_dummy_entry, infiniplex_staircase_pool,
          grunt_megastairs_3, serial_bayou_shore_b, lemuel_fruit_tree
Lair:4:   minmay_lair_oklob_chamber, layout_loops_ring, slime_entry_1,
          grunt_megastairs_2, serial_bayou_shore_a
Lair:5:   evilmike_catoblepas_cave, layout_regular_city, lemuel_centaur_altar,
          lemuel_fruit_fields, uniq_snorg
Spider:1: layout_spider_delve, ebering_ghost_disaster_area
Orc:1:    layout_caves, serial_shops, shop, uniq_josephine, uniq_nergalle
Orc:2:    grunt_orc_cross, layout_caves, hellmonk_guarded_unrand_dark_maul

Skill      XL: |  1  2  3  4  5  6  7  8  9 10 11 12 13 14 15 |
---------------+----------------------------------------------+-----
Stealth        | 2 5 6 10 11 15 | 15.0
Dodging        | 3 6 8 10 11 15 18 | 18.5
Fighting       | 2 5 9 10 | 10.0
Ranged Weapons | 5 6 7 8 10 11 12 14 16 18 | 18.0
Shapeshifting  | 5 7 |  7.0
Invocations    | 5 |  5.0
Evocations     | 5 10 | 10.0

Action                     |  1- 3 |  4- 6 |  7- 9 | 10-12 | 13-15 || total
---------------------------+-------+-------+-------+-------+-------++-------
   Fire: Shortbow          |   107 |   223 |   249 |       |       ||   579
         Orcbow            |       |       |   311 |   637 |       ||   948
         Arbalest          |       |       |       |   268 |  1206 ||  1474
   Cast: Apportation       |       |       |       |       |     2 ||     2
 Invoke: Heroism           |       |       |       |     2 |     2 ||     4
         Receive Weapon    |       |       |       |     1 |       ||     1
         Receive Armour    |       |       |       |     1 |       ||     1
         Finesse           |       |       |       |       |     1 ||     1
  Evoke: Wand              |       |       |     5 |       |     1 ||     6
    Use: Scroll            |     3 |       |     5 |    12 |    12 ||    32
         Potion            |       |     1 |       |     2 |       ||     3
 Armour: Robe              |     6 |    50 |    56 |   102 |    30 ||   244
         Troll leather arm |       |       |       |       |   159 ||   159
  Dodge: Dodged            |    19 |   151 |   191 |   306 |   736 ||  1403

Table legend: (Time is in decaauts)
 A = Elapsed time spent in this place.
 B = Non-inter-level travel time spent in this place.
 C = Inter-level travel time spent in this place.
 D = Time resting spent in this place.
 E = Time spent auto-exploring this place.
 F = Levels seen in this place.
 G = Mean time per level.
                   A        B        C        D        E       F      G
               +--------+--------+--------+--------+--------+-----+--------+
         Total |  17070 |  16194 |    876 |   3183 |   7841 |  27 |  632.2 |
       Dungeon |   9790 |   9232 |    558 |   1809 |   4636 |  15 |  652.7 |
        Temple |     19 |     11 |      8 |      0 |      0 |   1 |   19.0 |
          Lair |   5390 |   5124 |    266 |   1333 |   2250 |   5 | 1078.0 |
   Spider Nest |    286 |    286 |      0 |      0 |    202 |   1 |  286.0 |
  Orcish Mines |    977 |    934 |     43 |      3 |    580 |   2 |  488.5 |
        Bazaar |    174 |    174 |      0 |      0 |     57 |   1 |  174.0 |
         Sewer |    186 |    186 |      0 |     38 |     35 |   1 |  186.0 |
       Ossuary |    244 |    244 |      0 |      0 |     79 |   1 |  244.0 |
               +--------+--------+--------+--------+--------+-----+--------+

Top non-repeatable levels by time:
  Lair:4: 1457 daAuts
  Lair:5: 1192 daAuts
  Lair:3: 1136 daAuts
     D:7: 1010 daAuts
  Lair:1: 813 daAuts
    D:10: 798 daAuts
     D:5: 798 daAuts
  Lair:2: 790 daAuts
    D:11: 761 daAuts
     D:3: 692 daAuts
     D:9: 692 daAuts
   Orc:2: 690 daAuts
    D:14: 689 daAuts
     D:2: 678 daAuts
     D:4: 638 daAuts
